Cogmind - Beta 17 @@@ ROGUE MODE // 2026.07.27 @ 00:04:58 Player: aperiodic Result: Destroyed by BC-RTO(R) with Subdweller Laser Performance ------------- Evolutions (0) 0 Regions Visited (2) 400 Robots Destroyed (40) 200 Value Destroyed (800) 800 Prototype IDs (0) 0 Alien Tech Used (0) 0 Bonus (0) 0 TOTAL SCORE: 1400 Bonus ------- None Cogmind --------- Core Integrity 0/250 Matter 136/300 Energy 100/100 System Corruption 1% Temperature Cool (6) Movement Rolling (110) Ox2 Location -10/Subcaves Parts ------- > --- POWER (1) -------- (None) > --- PROPULSION (2) --- Wheel > --- UTILITY (2) ------ Cobbler Unit > --- WEAPON (2) ------- Subdweller Beam Cannon Subdweller Shrapnel Launcher > --- INVENTORY (5) ---- Hover Unit Subdweller Beam Cannon Light Assault Rifle Light Assault Rifle Multitool Peak State ------------ > --- POWER ------------ Subdweller Power Source > --- PROPULSION ------- Light Treads Light Treads > --- UTILITY ---------- Subdweller Optics Seismic Detector > --- WEAPON ----------- Subdweller Beam Cannon Subdweller Beam Cannon > --- INVENTORY -------- Wheel Hover Unit Light Assault Rifle Light Assault Rifle Subdweller Shrapnel Launcher [Rating: 11] Favorites ----------- Power Ion Engine Engine Ion Engine Propulsion Light Treads Treads Light Treads Wheel Wheel Utility Seismic Detector Device Seismic Detector Storage Medium Storage Unit Weapon Subdweller Beam Cannon Energy Gun Medium Laser Energy Cannon Subdweller Beam Cannon Ballistic Gun Assault Rifle Launcher Subdweller Shrapnel Launcher Special Weapon Mining Laser Build | -11 -10 -10 ------- Run | Yrd Mat Sub Slots Evolved . | . . . Power . | . . . Propulsion . | . . . Utility . | . . . Weapon . | . . . Parts Attached 30 | 8 13 9 Power 5 | 1 1 3 Engine 5 | 1 1 3 Core . | . . . Reactor . | . . . Propulsion 8 | 2 6 . Treads 4 | . 4 . Leg . | . . . Wheel 4 | 2 2 . Hover . | . . . Flight . | . . . Utility 6 | 2 2 2 Device 3 | 1 . 2 Storage 3 | 1 2 . Processor . | . . . Hackware . | . . . Protection . | . . . Artifact . | . . . Weapon 11 | 3 4 4 Energy Gun 3 | 2 1 . Energy Cannon 3 | . . 3 Ballistic Gun 3 | 1 2 . Ballistic Cannon . | . . . Launcher 1 | . . 1 Special Weapon 1 | . 1 . Impact Weapon . | . . . Slashing Weapon . | . . . Piercing Weapon . | . . . Special Melee Weapon . | . . . Unidentified Prototypes . | . . . Parts Lost 5 | . 1 4 Power 2 | . . 2 Propulsion 1 | . . 1 Utility 1 | . . 1 Weapon 1 | . 1 . Highest Loss Streak 1 | . 1 1 To Critical Strikes . | . . . Average Backups 7 | 3 10 6 Power . | . . . Propulsion 3 | 2 4 2 Utility . | . 1 . Weapon 3 | . 3 3 Tool/Special . | . . . Unused Backups 11 | 1 2 8 Power . | . . . Propulsion 5 | 1 2 2 Utility 3 | . . 3 Weapon 2 | . . 2 Tool/Special 1 | . . 1 Average Slot Usage (%) 94 | . 100 90 Engine 13 | . 14 12 Treads 18 | . 14 21 Wheel 9 | . 13 5 Device 17 | . 14 19 Storage 7 | . 14 2 Energy Gun 6 | . 11 3 Energy Cannon 14 | . . 24 Ballistic Gun 6 | . 15 . Peak Build Rating 11 | 7 9 11 Average Rating 8 | 5 7 9 On Entrance 5 | . 7 9 Avg Prop Armor Cover (%) 15 | . . 15 Naked Turns . | . . . Heaviest Build 42 | 15 31 42 Greatest Support 40 | 26 40 40 Greatest Overweight (x) 3 | . . 3 Average Overweight (x) . | . . 1 Largest Inventory Capacity 15 | 8 15 15 Average Capacity 8 | 7 10 6 Most Carried 15 | 8 13 15 Average Carried 7 | 3 10 6 Final Capacity 15 | 8 15 5 Final Carried 13 | 8 13 5 Class Distribution -------------------- 70% | Mutant 29% | Scavenger-Mutant Dominant Class ---------------- Mutant | -10/Materials Scavenger-Mutant | -10/Subcaves Resources | -11 -10 -10 ----------- Run | Yrd Mat Sub Matter Collected 979 | 307 320 352 Remotely . | . . . Salvage Created 1118 | 108 493 517 Parts 87 | 14 42 31 Haulers Intercepted 2 | . 2 . Recyclers Shooed 2 | 1 1 . Parts Field Recycled . | . . . Retrieved Matter . | . . . Parts Self-Destructed 16 | . . 16 Prevented . | . . . Parts Restored . | . . . Kills | -11 -10 -10 ------- Run | Yrd Mat Sub Combat Hostiles Destroyed 27 | . 12 15 Guns 15 | . 12 3 Cannons 6 | . . 6 AOE 6 | . . 6 Classes Destroyed 9 | 2 6 1 Worker 2 | . 2 . Tunneler 3 | 3 . . Hauler 2 | . 2 . Recycler 1 | 1 . . Operator 2 | . 2 . Watcher 3 | . 3 . Swarmer 13 | . 9 4 Grunt 7 | . 3 4 Subdweller 7 | . . 7 Best Kill Streak 7 | 3 7 4 Combat Bots Only 6 | . 6 4 Max Kills in Single Turn 4 | 1 2 4 Gunslinging . | . . . Exploded 4 | . . 4 Melee . | . . . Uniques/NPCs Destroyed . | . . . Combat | -11 -10 -10 -------- Run | Yrd Mat Sub Hostile Shots Fired 128 | . 66 62 Missed 36 | . 15 21 Hits 92 | . 51 41 Projectile 92 | . 51 41 Critical Strikes 2 | . 2 . Damage Taken 1243 | . 515 728 Core 251 | . 96 155 Absorbed by Shields . | . . . Core Remaining (%) 100 | 100 . . Volleys Fired 111 | 9 55 47 Largest 2 | 2 2 2 Hottest 160 | 70 150 160 Shots Fired 196 | 18 103 75 Gun 139 | 18 97 24 Cannon 45 | . . 45 Launcher 6 | . . 6 Special 6 | . 6 . Kinetic 63 | 9 48 6 Thermal 133 | 9 55 69 Explosive . | . . . Electromagnetic . | . . . Robot Hit Streak 17 | 3 5 17 Robot Miss Streak 4 | 2 4 3 Penetration Max . | . . . Secondary Targets . | . . . Shots Hit Robots 111 | 9 55 47 Core Hits 55 | 5 28 22 Critical Kills . | . . . Critical Parts Destroyed . | . . . Critical Strikes 6 | 1 4 1 Burn 6 | 1 4 1 Melee Attacks . | . . . Impact . | . . . Slashing . | . . . Piercing . | . . . Sneak Attacks . | . . . Combat Hostiles . | . . . Follow-up Attacks . | . . . Damage Inflicted 2315 | 116 782 1417 Guns 1153 | 116 782 255 Cannons 675 | . . 675 Explosions 487 | . . 487 Melee . | . . . Ramming . | . . . Kinetic 917 | 40 390 487 Thermal 1398 | 76 392 930 Explosive . | . . . Electromagnetic . | . . . Impact . | . . . Slashing . | . . . Piercing . | . . . Highest Corruption 1 | . 1 1 Average Corruption 1 | . 1 1 Corruption Purged . | . . . Corruption Blocked . | . . . Effects 25 | . 5 20 Message Errors 6 | . 2 4 Matter Fused 7 | . 1 6 Heat Flow Errors 1 | . . 1 Energy Discharges 2 | . . 2 Data Loss (minor) 3 | . 2 1 Data Loss (major) 2 | . . 2 Misfires 1 | . . 1 Alerts 3 | . . 3 Overload Shots . | . . . Overflow Damage 37 | . . 37 Projectiles . | . . . Explosions 37 | . . 37 Melee . | . . . Knockbacks . | . . . Impact . | . . . Kinetic . | . . . Secondary . | . . . Self-Inflicted Damage 2 | . . 2 Shots 1 | . . 1 Rammed . | . . . Targets Rammed . | . . . Kicked . | . . . Crushed . | . . . Highest Temperature 248 | 45 205 248 Average Temperature 40 | 16 41 43 Received Heat Transfer 408 | . 162 246 Siege Activations . | . . . Martial Activations . | . . . Shielding Activations . | . . . Robots Disrupted . | . . . Combat Hostiles . | . . . Robots Corrupted . | . . . Combat Hostiles . | . . . Parts Fried . | . . . Impact Corruptions . | . . . Robots Melted . | . . . Combat Hostiles . | . . . Parts Melted 5 | . 2 3 Heat Transferred 3441 | 296 1443 1702 Parts Sabotaged . | . . . Parts Stolen . | . . . Parts Stripped . | . . . Power Chain Reactions . | . . . Alert | -11 -10 -10 ------- Run | Yrd Mat Sub Maximum Alert Level . | . . . Low Security (%) 100 | 100 100 . Level 1 . | . . . Level 2 . | . . . Level 3 . | . . . Level 4 . | . . . Level 5 . | . . . High Security . | . . . Max Security . | . . . Peak Influence 135 | 10 135 . Initial . | . . . Average 33 | 1 35 . Influence Increases 628 | 20 383 225 Destroy 0b10 Robot/C 400 | . 240 160 Destroy 0b10 Robot/NC 65 | 20 45 . Destroy Leader 80 | . 60 20 Destroy Structure 8 | . 8 . Lose Combat Pursuer 75 | . 30 45 Influence Decreases 491 | 20 372 99 Entered New Map 6 | . . 6 Time Decay 455 | 20 362 73 Lost Part 30 | . 10 20 Squads Dispatched 1 | . 1 . Investigation . | . . . Extermination . | . . . Reinforcement 1 | . 1 . Assault . | . . . Garrison . | . . . Intercept . | . . . Searches Triggered . | . . . Construction Impeded . | . . . Haulers Reinforced . | . . . Active Scanning Responses . | . . . Cargo Convoy Interrupts . | . . . Stealth | -11 -10 -10 --------- Run | Yrd Mat Sub Distress Signals . | . . . Communications Jammed . | . . . Distress Signals . | . . . Times Spotted 37 | . 21 16 Peak Tracking Total 6 | . 5 6 Tactical Retreats 2 | . 1 1 Traps | -11 -10 -10 ------- Run | Yrd Mat Sub Traps Triggered 1 | . 1 . Indirectly . | . . . Trap Hack Attempts . | . . . Triggered . | . . . Disarmed . | . . . Reprogrammed . | . . . Reused . | . . . Traps Extracted . | . . . Installed . | . . . Triggered . | . . . Machines | -11 -10 -10 ---------- Run | Yrd Mat Sub Machines Disabled 1 | . . 1 Max in Single Turn 1 | . . 1 Machines Repaired . | . . . Machines Dismantled . | . . . Machines Sabotaged . | . . . Overloaded Fab Kills . | . . . Hacking | -11 -10 -10 --------- Run | Yrd Mat Sub Machines Accessed 1 | . . 1 Terminals . | . . . Fabricators . | . . . Repair Stations . | . . . Recycling Units . | . . . Scanalyzers . | . . . Garrison Access . | . . . Total Hacks 3 | . . 3 Successful 3 | . . 3 Failed . | . . . Catastrophic . | . . . Database Lockouts . | . . . Manual . | . . . Terminals . | . . . Fabricators . | . . . Repair Stations . | . . . Recycling Units . | . . . Scanalyzers . | . . . Garrison Access . | . . . Terminal Hacks 3 | . . 3 Record 3 | . . 3 Fabricator Hacks . | . . . Repair Station Hacks . | . . . Recycling Unit Hacks . | . . . Scanalyzer . | . . . Garrison Access Hacks . | . . . Unauthorized Hacks . | . . . Terminals . | . . . Fabricators . | . . . Repair Stations . | . . . Recycling Units . | . . . Scanalyzers . | . . . Garrison Access . | . . . Data Cores Recovered 1 | . 1 . Used . | . . . Hacking Detections . | . . . Full Trace Events . | . . . Feedback Events . | . . . Feedback Blocked . | . . . Robot Schematics Acquired . | . . . Robots Built . | . . . Authchips . | . . . Time . | . . . Total Robot Build Rating . | . . . Part Schematics Acquired . | . . . Parts Built . | . . . Authchips . | . . . Time . | . . . Total Part Build Rating . | . . . Part Studies Acquired . | . . . Parts Repaired . | . . . Time . | . . . Parts Recycled . | . . . Recycled Matter . | . . . Retrieved Matter . | . . . Retrieved Components . | . . . Parts Scanalyzed . | . . . Part Schematics Acquired . | . . . Parts Damaged . | . . . Bothacking | -11 -10 -10 ------------ Run | Yrd Mat Sub Used RIF Installer . | . . . Robots Hacked . | . . . Non-combat . | . . . Combat . | . . . Robot Hacks Applied . | . . . Relay Couplers Released . | . . . Fabnet Peak Effective % . | . . . Robots Rewired . | . . . Allies Hacked . | . . . Hacks Repelled . | . . . Allies | -11 -10 -10 -------- Run | Yrd Mat Sub Total Allies . | . . . Largest Group . | . . . Highest-Rated Group . | . . . Highest-Rated Ally . | . . . Total Orders . | . . . Ally Attacks . | . . . Total Damage . | . . . Kills . | . . . Allies Corrupted . | . . . Allies Melted . | . . . Intel | -11 -10 -10 ------- Run | Yrd Mat Sub Active Infowar (turns) 2728 | 21 1265 1442 Optics 80 | . . 80 Seismic 2727 | 21 1265 1441 Robot Analysis Total . | . . . Derelict Logs Recovered . | . . . Drone Launches . | . . . Drone Recoveries . | . . . Exploration | -11 -10 -10 ------------- Run | Yrd Mat Sub Turns Passed 3239 | 109 1265 1865 Spaces Moved 1878 | 66 745 1067 Core 3 | 3 . . Treads 812 | . 267 545 Legs . | . . . Wheels 1063 | 63 478 522 Hover . | . . . Flight . | . . . Fastest Speed 50 | 50 80 110 Average Speed 124 | 88 108 137 Slowest Speed 240 | 100 160 240 Overloaded Moves . | . . . Propulsion Burnouts . | . . . Robots Hopped . | . . . Potential Cave-ins . | . . . Cave-ins Triggered . | . . . Exploration Rate (%) 54 | 3 95 64 Regions Visited 2 Branch Regions 1 Pre-discovered Areas 1 | . . 1 Known Exits Taken . | . . . Unknown Exits Taken 2 | 1 1 . Scrap Searched 7 | . . 7 Spaces Dug 5 | . 5 . Terrain Destroyed 87 | . 6 81 Melee . | . . . Projectile 9 | . 6 3 AOE 78 | . . 78 Terrain Rammed . | . . . Walls Destroyed . | . . . Machines Disabled . | . . . Actions | -11 -10 -10 --------- Run | Yrd Mat Sub Total 2568 | 96 1082 1390 Wait 495 | 2 250 243 Move 1876 | 65 744 1067 Hop . | . . . Pick Up 25 | 10 9 6 Fast Attach 15 | 7 . 8 Attach 2 | 1 1 . Detach . | . . . Swap 22 | . 16 6 Drop 22 | 2 7 13 Fire 111 | 9 55 47 Melee . | . . . Ram . | . . . Kick . | . . . Crush . | . . . Escape Stasis . | . . . Rewire . | . . . Trap . | . . . Miscellaneous . | . . . Route ------- -11/Scrapyard -10/Materials (discovered 5 exits: [*Mat x3] / [*Min] / *Sub) -10/Subcaves (discovered 3 exits: [*Mat x2] / [*Scr]) History --------- Turn | Location | Event 20 | -11/Scrapyard | Discovered new exit (range 14) 110 | -11/Scrapyard | Entered Materials 300 | -10/Materials | Build established: Mutant 331 | -10/Materials | Discovered new exit (range 14) 411 | -10/Materials | Discovered new exit (range 16) 918 | -10/Materials | Discovered new exit (range 3) 1046 | -10/Materials | Discovered new exit (range 4) 1359 | -10/Materials | Discovered new exit (range 9) 1375 | -10/Materials | Entered Subcaves 1376 | -10/Subcaves | Approached by a straggling Scientist 1800 | -10/Subcaves | Scientist uncovered a shortcut to Scraptown 2084 | -10/Subcaves | Discovered new exit (range 13) 2263 | -10/Subcaves | Core integrity fell below 50% 2399 | -10/Subcaves | Discovered new exit (range 10) 2407 | -10/Subcaves | A swath of the cavern ceiling suddenly collapsed 2597 | -10/Subcaves | Build established: Scavenger-Mutant 3039 | -10/Subcaves | Visited Clippyterm 3042 | -10/Subcaves | Learned location of Section 7 (-2) 3231 | -10/Subcaves | Core integrity fell below 20% 3237 | -10/Subcaves | Ambushed by Subdweller buried in earth 3237 | -10/Subcaves | Ambushed by Subdweller buried in earth 3240 | -10/Subcaves | Destroyed by BC-RTO(R) with Subdweller Laser Last Messages --------------- 03136_ Acquired 40 matter. 03137_ Dropped Sub. Optics. 03138_ Acquired Sub. Optics. 03139_ Dropped Sub. Optics. 03141_ Acquired Cobbler Unit. 03145_ System corrupted: Matter fused (-10). 03159_ Acquired 9 matter. 03166_ GYC